 Dungeon Crawl Stone Soup version 0.31-a0-1139-gec03705108 (webtiles) character file.

Game seed: 1099693167117558493

189 James the Ruffian (level 5, -2/41 HPs)
             Began as a Merfolk Shapeshifter on Dec 6, 2023.
             Slain by an ogre
             ... wielding a +0 giant club
              (31 damage)
             ... on level 3 of the Dungeon.
             The game lasted 00:07:05 (3621 turns).

James the Ruffian (Merfolk Shapeshifter)            Turns: 3621, Time: 00:07:05

Health: -2/41      AC:  5    Str: 17    XL:     5   Next: 68%
Magic:  5/5        EV: 12    Int:  9    God:
Gold:   122        SH:  0    Dex: 13    Spells: 4/4 levels left

rFire   . .          .
                       - Unarmed
rCold   . . .        (no shield)
rNeg    . . .        o - +0 ring mail
rPois   .            (helmet currently unavailable)
rElec   .            (cloak currently unavailable)
rCorr   .            (gloves currently unavailable)
SInv    .            (boots currently unavailable)
Will    .....        (no amulet)
Stlth   +            (no ring)
HPRegen 0.26/turn    (no ring)
MPRegen 0.09/turn

%: no passive effects
@: beast-form
A: beast (slay +2), (nimble swimmer 2), mertail
a: Begin Untransformation


You were on level 3 of the Dungeon.
You were a hulking beast.
You visited 1 branch of the dungeon, and saw 4 of its levels.

You collected 122 gold pieces.

Inventory:

Hand Weapons
 f - a +0 dagger of freezing
   (You took it off a goblin on level 1 of the Dungeon)
 l - a +1 short sword of venom
   (You took it off a kobold on level 2 of the Dungeon)
 q - a +1 dagger of flaming
   (You took it off a kobold on level 2 of the Dungeon)
Missiles
 h - 37 stones
 r - 5 curare-tipped darts {!f}
Armour
 a - a +0 animal skin
 n - a +0 chain mail
   (You found it on level 2 of the Dungeon)
 o - a +0 ring mail (worn)
   (You found it on level 1 of the Dungeon)
 s - a +0 leather armour
   (You found it on level 3 of the Dungeon)
 v - a +0 chain mail
   (You took it off an orc on level 3 of the Dungeon)
 w - a +0 robe
   (You took it off an orc wizard on level 3 of the Dungeon)
 x - a +0 leather armour
   (You found it on level 3 of the Dungeon)
Talismans
 c - a beast talisman
 d - a flux talisman
Scrolls
 p - a scroll of poison {!r}
Potions
 b - 2 potions of lignification {!q}
 j - 2 potions of invisibility
 k - 2 potions of enlightenment
 t - a potion of magic


   Skills:
 - Level 3.0 Fighting
 + Level 4.4 Dodging
 * Level 5.3 Unarmed Combat
 - Level 4.0 Shapeshifting


You had 4 spell levels left.
You didn't know any spells.
Your spell library contained the following spells:

 Spells                   Type           Power      Damage    Failure   Level
 Summon Small Mammal      Summ           0%         N/A       58%         1
 Lesser Beckoning         Tloc           0%         N/A       75%         2
 Wereblood                Tmut           0%         N/A       75%         2
 Call Canine Familiar     Summ           0%         N/A       92%         3
 Gell's Gravitas          Tloc           0%         N/A       92%         3
 Ozocubu's Armour         Ice            0%         N/A       92%         3
 Summon Guardian Golem    Hex/Summ       0%         N/A       92%         3
 Teleport Other           Tloc           0%         N/A       92%         3
 Irradiate                Conj/Tmut      0%         3d11      100%        5
 Ozocubu's Refrigeration  Ice            0%         4d7       100%        7


Dungeon Overview and Level Annotations

Branches:
Dungeon (4/15)
 Temple: D:4-7

Altars:
Cheibriados
Elyvilon
Sif Muna
The Shining One

Shops:
D:1 :[(

Annotations:
D:3 1 runed translucent door, blanketernal's ghost, amateur MiGl
D:4 Sigmund


Innate Abilities, Weirdness & Mutations

You are a hulking beast.
Your limbs bulge with bestial killing power. (Slay +2)
((You are very nimble when in or above water. (Stealth+, EV+, Speed+++)))
Your lower body shifts to a powerful aquatic tail in water.


Message History

You closely miss the adder. The adder barely misses you.
You barely miss the adder. The adder bites you but does no damage.
You punch the adder!
You kill the adder!
You see here an adder corpse.
Found a stone staircase leading down.
You open the door.
A kobold comes into view. It is wielding a +0 dagger.
The kobold shouts!
The kobold throws a stone.
The stone barely misses you. The kobold barely misses you.
There is an open door here.
You hit the kobold. You punch the kobold.
You kill the kobold!
h - 37 stones (gained 1)
Things that are here:
a +0 dagger; a kobold corpse
Things that are here:
a +0 dagger; a kobold corpse
Found a scroll of identify.
g - a scroll of identify {@r1}
As you read the scroll of identify {@r1}, it crumbles to dust.
o - a potion of degeneration;
e - a potion of degeneration
o - a +0 ring mail (worn)
You drop a potion of degeneration {!q}.
Okay, then.
Unknown command.
Sigmund, 4 orcs and a dart slug come into view.
Found a blade talisman.
Sigmund shouts!
The orc shouts! x4; You hear a shout!
You see here a potion of degeneration {!q}.
Things that are here:
a +0 dagger; a kobold corpse
There is an open door here.
The ogre shouts!
The ogre attacks as it pursues you! The ogre barely misses you.
The ogre misses you.
There is a stone staircase leading up here.
The ogre hits you with a +0 giant club!
You climb upwards.
Level annotation: 1 runed translucent door, blanketernal's ghost, amateur MiGl
There is a stone staircase leading down here.
You hit the ogre. The ogre barely misses you.
You hit the ogre but do no damage. You hit the ogre.
The ogre closely misses you.
You hit the ogre. You hit the ogre.
The ogre hits you with a +0 giant club!!
Ouch! That really hurt!
You die...

#....#.# #########.#### #....#.#
#.# #....#.# ##### ##.# #....#.#
##...###..# #....#.#
##.....##'###### ####....#.#
##.......##≈≈≈≈≈#####
........#.###.........#≈....#....
#####'#.#.##.....O....#≈....#....
....#.#.#.......h.....#≈....#....
###.#.#.##............######'....
#.#.#...................##.....
#.#......................'.....
#.#......................#.....
#........................)#####
#####.##....................#
......##..................#.#
########.#...............##.#


You could see an ogre.

Vanquished Creatures
  A crimson imp (D:3)
  An orc wizard (D:3)
  5 adders
  4 worms
  3 orcs (D:3)
  7 endoplasms
  3 giant cockroaches
  6 goblins
  7 hobgoblins
  3 jackals (D:2)
  2 quokkas
  4 ball pythons
  5 bats
  A frilled lizard (D:1)
  A goblin zombie (D:3)
  4 hobgoblin zombies (D:3)
  9 kobolds
  A kobold skeleton (D:3)
  2 kobold zombies (D:3)
  An orc zombie (D:3)
  7 rats
77 creatures vanquished.

Notes
Turn   | Place    | Note
-------+----------+-------------------------------------------
     0 | D:1      | James the Merfolk Shapeshifter began the quest for the Orb.
     0 | D:1      | Reached XP level 1. HP: 15/15 MP: 1/1
    88 | D:1      | Reached XP level 2. HP: 21/21 MP: 2/2
   122 | D:1      | Found Geehirph's Armour Emporium.
   476 | D:1      | Found Jig Zeoc's Weapon Shoppe.
   575 | D:1      | Found Onoazxat's Book Shoppe.
   680 | D:1      | Reached XP level 3. HP: 26/27 MP: 3/3
   757 | D:2      | Reached skill level 4 in Unarmed Combat
  1255 | D:2      | Found a shimmering blue altar of Sif Muna.
  1586 | D:2      | Reached XP level 4. HP: 13/33 MP: 4/4
  1919 | D:3      | Found a runed translucent door.
  1926 | D:3      | Noticed blanketernal's ghost (amateur MiGl)
  2486 | D:3      | Reached XP level 5. HP: 8/39 MP: 5/5
  2637 | D:3      | Found a glowing golden altar of the Shining One.
  2662 | D:3      | Reached skill level 5 in Unarmed Combat
  2903 | D:3      | Found a snail-covered altar of Cheibriados.
  3048 | D:3      | Found a white marble altar of Elyvilon.
  3440 | D:4      | Noticed an ogre
  3570 | D:4      | Noticed Sigmund
  3621 | D:3      | Slain by an ogre

Illustrated notes

Levels and vault maps discovered:
D:1:      heliophobic_arrival_battle_scene, layout_loops_cross, serial_shops,
          nicolae_square_shop, nicolae_lakefront_shop,
          nicolae_book_shop_shelving
D:2:      layout_loops_ring, basic_altar, minmay_misc_feat_roman
D:3:      layout_basic, nicolae_elyvilon_temple_path, cheibrodos_worm_habitat,
          nicolae_tso_besieged_by_evil, ebering_ghost_reflecting_pool,
          chequers_serial_rivers_room_a
D:4:      kennysheep_six_static_rooms, layout_basic, overflow_temple_1_default,
          tgw_kikubaaqudgha, uniq_sigmund

Skill      XL: |  1  2  3  4  5 |
---------------+----------------+-----
Dodging        | 3 4 |  4.4
Unarmed Combat | 4 5 |  5.3
Fighting       | 2 3 |  3.0
Shapeshifting  | |  4.0

Action                     |  1- 3 |  4- 6 || total
---------------------------+-------+-------++-------
  Melee: Unarmed           |   128 |   118 ||   246
         Punch             |     3 |     6 ||     9
         Tailslap          |       |     1 ||     1
    Use: Scroll            |       |     9 ||     9
 Armour: Animal skin       |     8 |       ||     8
         Ring mail         |    62 |    49 ||   111
  Dodge: Dodged            |    55 |    50 ||   105

Table legend: (Time is in decaauts)
 A = Elapsed time spent in this place.
 B = Non-inter-level travel time spent in this place.
 C = Inter-level travel time spent in this place.
 D = Time resting spent in this place.
 E = Time spent auto-exploring this place.
 F = Levels seen in this place.
 G = Mean time per level.
                   A        B        C        D        E       F      G
               +--------+--------+--------+--------+--------+-----+--------+
         Total |   3585 |   3375 |    210 |    188 |   2435 |   4 |  896.2 |
       Dungeon |   3585 |   3375 |    210 |    188 |   2435 |   4 |  896.2 |
               +--------+--------+--------+--------+--------+-----+--------+

Top non-repeatable levels by time:
     D:3: 1608 daAuts
     D:2: 1019 daAuts
     D:1: 806 daAuts
     D:4: 150 daAuts
